 Dungeon Crawl Stone Soup version 0.23.2-30-g0e89c35 (webtiles) character file.

Game seed: 14761079742538438076

100 Fang the Skirmisher (level 4, -12/43 HPs)
             Began as a Gargoyle Berserker on June 10, 2019.
             Was a Believer of Trog.
             Killed by divine providence
             ... invoked by an orc priest
              (14 damage)
             ... on level 3 of the Dungeon on June 12, 2019.
             The game lasted 00:03:31 (1688 turns).

Fang the Skirmisher (Gargoyle Berserker)            Turns: 1688, Time: 00:03:31

Health: -12/43     AC: 12    Str: 26    XL:     4   Next: 73%
Magic:  4/4        EV:  9    Int:  8    God:    Trog [**....]
Gold:   88         SH:  0    Dex: 14    Spells: 3/3 levels left

rFire    . . .     SeeInvis .   a - +0 hand axe
rCold    . . .     Gourm    .   (no shield)
rNeg     + . .     Faith    .   b - +0 chain mail
rPois    ∞         Spirit   .   (no helmet)
rElec    +         Reflect  .   (no cloak)
rCorr    .         Harm     .   (no gloves)
MR       .....                  (no boots)
Stlth    ..........             (no amulet)
HPRegen  0.14/turn              l - +5 ring of dexterity
MPRegen  0.09/turn              (no ring)

@: berserking, very quick
A: negative energy resistance 1, electricity resistance, unbreathing,
petrification resistance, rot immunity, AC +3
a: Berserk, Trog's Hand, Renounce Religion


You were on level 3 of the Dungeon.
You worshipped Trog.
Trog was pleased with you.
You were not hungry.

You visited 1 branch of the dungeon, and saw 3 of its levels.

You collected 88 gold pieces.

Inventory:

Hand Weapons
 a - a +0 hand axe (weapon)
Armour
 b - a +0 chain mail (worn)
Jewellery
 l - a +5 ring of dexterity (left hand)
Scrolls
 f - a scroll of fog {unknown}
 h - a scroll of enchant armour {unknown}
 i - a scroll of blinking {unknown}
 j - 2 scrolls of magic mapping {unknown}
 k - a scroll of remove curse {unknown}
Potions
 d - a potion of might {unknown}
 e - a potion of agility {unknown}
 g - 2 potions of lignification {unknown}
 m - a potion of haste {unknown}
 n - a potion of berserk rage {unknown}
 o - a potion of curing {unknown}
Comestibles
 c - 9 rations
 p - a chunk of flesh


   Skills:
 + Level 4.1 Fighting
 + Level 3.3 Axes
 + Level 3.2 Armour
 + Level 2.3 Dodging


You had 3 spell levels left.
You didn't know any spells.
Your spell library was empty.

Dungeon Overview and Level Annotations

Branches:
Dungeon (3/15)

Altars:
Ashenzari
Gozag


Innate Abilities, Weirdness & Mutations

You are resistant to torment.
Your stone body is resilient. (AC +3)
You are immune to poison.
You resist negative energy. (rN+)
You are resistant to electric shocks. (rElec)
You can survive without breathing.
You are immune to petrification.
You are immune to rotting.


Message History

The orc priest invokes the aid of Beogh against you.
Beogh smites you!
* * * LOW HITPOINT WARNING * * *
The orc hits you but does no damage.
You are too injured to fight recklessly!
You are too injured to fight recklessly!
You are too injured to fight recklessly!
You are too injured to fight recklessly!
You are too injured to fight recklessly!
You are too injured to fight recklessly!
You are too injured to fight recklessly!
You are too injured to fight recklessly!
You are too injured to fight recklessly!
You are too injured to fight recklessly!
A red film seems to cover your vision as you go berserk!
You feel yourself moving faster!
You feel mighty!
You feel quite a bit more hungry.
The orc priest calls down the wrath of Beogh upon you.
Beogh smites you!
You die...

#.....######...
#.....######.#.
#............#.
#......#######.
#......#+###..)
#####.........##.##
#.)..............#
##.####.##....####
#@)..#.##.....#
#oo#.#....[...#
...# #####....#
##... #....# #####
#.<..# ######


You could see an orc priest and an orc.

Vanquished Creatures
  6 adders
  3 dart slugs
  A leopard gecko (D:3)
  2 orcs (D:3)
  A ball python (D:2)
  A giant cockroach (D:1)
  4 goblins
  5 hobgoblins
  4 jackals
  3 bats (D:1)
  A frilled lizard (D:2)
  5 kobolds
  3 rats
39 creatures vanquished.

Notes
Turn   | Place    | Note
-------+----------+-------------------------------------------
     0 | D:1      | Fang the Gargoyle Berserker began the quest for the Orb.
     0 | D:1      | Reached XP level 1. HP: 14/14 MP: 1/1
   170 | D:1      | Reached XP level 2. HP: 12/19 MP: 2/2
   679 | D:1      | Reached ** piety under Trog
   679 | D:1      | Reached XP level 3. HP: 16/23 MP: 3/3
   761 | D:2      | Found a shattered altar of Ashenzari.
   967 | D:2      | Found a faded altar of an unknown god.
  1113 | D:2      | Reached XP level 4. HP: 17/29 MP: 4/4
  1125 | D:2      | Reached skill level 4 in Fighting
  1579 | D:3      | Found an opulent altar of Gozag.
  1687 | D:3      | HP: 1/29 [orc priest/divine providence (14)]
  1688 | D:3      | Killed from afar by an orc priest

Skill      XL: |  1  2  3  4 |
---------------+-------------+-----
Axes           | 3 |  3.3
Dodging        | 2 |  2.3
Armour         | 3 |  3.2
Fighting       | 4 |  4.1

Action                   |  1- 3 |  4- 6 || total
-------------------------+-------+-------++-------
Melee: Hand axe          |   104 |    41 ||   145
Invok: Berserk           |     1 |     1 ||     2
 Stab: Sleeping          |     1 |       ||     1
  Eat: Chunk             |     2 |     2 ||     4
Armor: Animal skin       |    43 |     9 ||    52
       Chain mail        |       |    12 ||    12
Dodge: Dodged            |    79 |    29 ||   108
